 Dungeon Crawl Stone Soup version 0.19-a0-450-g98b348d (webtiles) character file.

384 mopl the Insei (level 6, -1/49 HPs)
             Began as a Mummy Monk on June 1, 2016.
             Slain by an orc wizard
             ... wielding a +0 dagger
              (4 damage)
             ... on level 4 of the Dungeon.
             The game lasted 00:07:46 (3791 turns).

mopl the Insei (Mummy Monk)                         Turns: 3791, Time: 00:07:46

Health: -1/49      AC:  8    Str: 15    XL:     6   Next: 47%
Magic:  6/6        EV: 14    Int:  9    God:
Gold:   129        SH:  0    Dex: 16    Spells: 0 memorised, 5 levels left

rFire  . . .     SeeInvis .       - Unarmed
rCold  . . .     Gourm    .     (no armour)
rNeg   + + +     Faith    .     (no shield)
rPois  ∞         Spirit   .     c - +1 helmet
rElec  .         Dismiss  .     f - +2 cloak
rCorr  .         Reflect  .     d - +2 pair of gloves
SustAt .         Harm     .     (no boots)
MR     .....                    (no amulet)
Stlth  ++........               (no ring)
                                g - ring of fire

@: not resistant to hostile enchantments, unstealthy
A: no food or potions, fire vulnerability, cold resistance 1, negative energy
resistance 3, torment resistance, unbreathing
a: no special abilities


You were on level 4 of the Dungeon.
You were not hungry.

You visited 1 branch of the dungeon, and saw 4 of its levels.

You collected 129 gold pieces.

Inventory:

Armour
 c - a +1 helmet (worn)
 d - a +2 pair of gloves (worn)
 f - a +2 cloak (worn)
Jewellery
 g - a ring of fire (left hand)
Scrolls
 a - a scroll of teleportation {unknown}
 e - a scroll of immolation {!r}
 h - a scroll of noise
 i - a scroll of enchant weapon {unknown}
 j - a scroll of remove curse {unknown}


   Skills:
 + Level 4.6 Fighting
 + Level 3.7 Dodging
 - Level 1.5 Stealth
 * Level 5.0 Unarmed Combat


You had 5 spell levels left.
You didn't know any spells.

Dungeon Overview and Level Annotations

Branches:
Dungeon (4/15)
 Temple: D:4-7

Altars:
Ru
Xom

Annotations:
D:2 1 exclusion
D:3 Sigmund; eoe's ghost, amateur DsGl


Innate Abilities, Weirdness & Mutations

You do not eat or drink.
Your flesh is vulnerable to fire.
You are immune to poison.
Your flesh is cold resistant. (rC+)
You are immune to negative energy. (rN+++)
You are immune to unholy pain and torment.
You can survive without breathing.


Message History

You hit the orc wizard.
The orc wizard is heavily wounded.
The orc wizard casts a spell at you. The magic dart hits you!
* * * LOW HITPOINT WARNING * * *
The orc wizard hits you with a dagger.
* * * LOW HITPOINT WARNING * * *
Okay, then.
Okay, then.
You hit the orc wizard.
The orc wizard is heavily wounded.
The orc wizard hits you but does no damage.
You hit the orc wizard.
The orc wizard is almost dead.
The orc wizard casts a spell.
The orc wizard blinks!
The orc wizard gestures at you while chanting.
The magic dart hits you! The orc wizard closely misses you.
The orc wizard hits you with a dagger.
You die...

###### #.....
######### #.####
#.o@....#######.####
#.#####.##.(.......#
#.##.......####.....
#§##.##.#### #..#.#
#.##.##!# #.....
#oo..o..# ##.#..
####.#### #.### #.#
#....
####.###############


You could see an orc wizard.

Vanquished Creatures
  A phantom (D:4)
  A howler monkey (D:2)
  A hound (D:2)
  An orc priest (D:4)
  An orc wizard (D:3)
  A hound skeleton (D:4)
  Robin (D:2)
  7 adders
  A worm (D:3)
  4 dart slugs
  2 giant geckos
  5 orcs
  A ball python (D:1)
  10 bats
  6 giant cockroaches
  18 goblins
  3 hobgoblins
  7 kobolds
  3 giant newts
  9 rats
83 creatures vanquished.

Notes
Turn   | Place    | Note
--------------------------------------------------------------
     0 | D:1      | mopl the Mummy Monk began the quest for the Orb.
     0 | D:1      | Reached XP level 1. HP: 18/18 MP: 1/1
   467 | D:1      | Reached XP level 2. HP: 17/24 MP: 2/2
  1461 | D:1      | Reached XP level 3. HP: 29/29 MP: 3/3
  1547 | D:2      | Found a shimmering altar of Xom.
  1780 | D:2      | Found a sacrificial altar of Ru.
  1811 | D:2      | Reached skill level 3 in Dodging
  2364 | D:2      | Reached skill level 4 in Unarmed Combat
  2364 | D:2      | Reached XP level 4. HP: 19/36 MP: 4/4
  2581 | D:2      | Reached XP level 5. HP: 36/42 MP: 5/5
  2760 | D:3      | Noticed Sigmund
  2760 | D:3      | Noticed Robin
  2912 | D:2      | Killed Robin
  2912 | D:2      | Reached skill level 4 in Fighting
  3362 | D:4      | Noticed a phantom
  3392 | D:3      | Reached XP level 6. HP: 47/49 MP: 6/6
  3420 | D:3      | Noticed eoe's ghost (amateur DsGl)
  3674 | D:4      | Reached skill level 5 in Unarmed Combat
  3787 | D:4      | HP: 2/49 [orc wizard/dagger (2)]
  3791 | D:4      | Slain by an orc wizard

Vault maps used:
D:1:      lemuel_arrival_tunnels
D:2:      lemuel_coloured_pillars_altar, xom_teletrap_fun, first_bread,
          dk_noncrumbling_2, uniq_crazy_yiuf_cottage
D:3:      uniq_sigmund, uniq_robin
D:4:      lemuel_upstairs_altar, old_standard_altar, lemuel_doored_altar,
          supply_closet_lemuel

Skill      XL: |  1  2  3  4  5  6 |
---------------+-------------------+-----
Dodging        | 3 |  3.7
Unarmed Combat | 4 5 |  5.0
Fighting       | 4 |  4.6
Stealth        | |  1.5

Action                   |  1- 3 |  4- 6 || total
-------------------------+-------+-------++-------
Melee: Unarmed           |   142 |   217 ||   359
       Punch             |     1 |     7 ||     8
  Use: Scroll            |       |     7 ||     7
 Stab: Sleeping          |     2 |     3 ||     5
Armor: Skin              |    20 |    69 ||    89
Dodge: Dodged            |    98 |   166 ||   264
